 Dungeon Crawl Stone Soup version 0.30.0-29-ga12c61a403 (webtiles) character file.

Game seed: 14936859144439794275

6232 LustLizard the Zephyrmancer (level 10, -7/68 HPs)
             Began as an Octopode Air Elementalist on June 24, 2023.
             Was a Priest of Wu Jian.
             Mangled by a vampire mosquito (12 damage)
             ... on level 10 of the Dungeon.
             The game lasted 00:20:43 (14120 turns).

LustLizard the Zephyrmancer (OpAE)                 Turns: 14120, Time: 00:20:43

Health: -7/68      AC:  1    Str: 12    XL:     10   Next: 92%
Magic:  5/19       EV: 13    Int: 17    God:    Wu Jian [***...]
Gold:   544        SH:  5    Dex: 13    Spells: 11/21 levels left

rFire   . .          .
                       - Unarmed
rCold   . . .        (no shield)
rNeg    . . .        (helmet restricted)
rPois   .            k - amulet of reflection
rElec   .            m - ring of willpower
rCorr   .            (no ring)
SInv    .            (no ring)
Will    +....        (no ring)
Stlth   ++++         (no ring)
HPRegen 0.31/turn    (no ring)
MPRegen 0.16/turn    (no ring)
                     (no ring)

%: reflection
@: about to teleport
A: almost no armour, amphibious, 8 rings, camouflage 1, gelatinous body 1,
(nimble swimmer 1), tentacles
a: Renounce Religion, Wall Jump, Serpent's Lash


You were on level 10 of the Dungeon.
You worshipped Wu Jian.
Wu Jian was most pleased with you.
You visited 2 branches of the dungeon, and saw 11 of its levels.
You also visited: Sewer.

You collected 544 gold pieces.

Inventory:

Missiles
 y - 2 throwing nets
Jewellery
 k - an amulet of reflection (around mantle)
 m - a ring of willpower (left tentacle)
 p - an amulet of guardian spirit
Wands
 g - a wand of polymorph (5)
 h - a wand of acid (6)
 x - a wand of charming (13)
Scrolls
 f - 2 scrolls of teleportation
 i - 3 scrolls of fog
 l - 2 scrolls of blinking {unknown}
 n - a scroll of amnesia {unknown}
 q - a scroll of brand weapon {unknown}
 t - 2 scrolls of silence {unknown}
 v - a scroll of enchant armour {unknown}
 w - 2 scrolls of poison {unknown}
 A - a scroll of torment {unknown}
 E - a scroll of fear {unknown}
 F - a scroll of enchant weapon {unknown}
 G - a scroll of immolation {unknown}
Potions
 a - a potion of magic
 b - 5 potions of heal wounds
 c - 2 potions of curing
 d - 3 potions of cancellation
 e - 2 potions of ambrosia
 j - a potion of berserk rage
 o - a potion of haste
 r - 2 potions of invisibility
 s - 2 potions of mutation {unknown}
 u - 2 potions of brilliance
 z - a potion of degeneration {unknown}
 B - a potion of resistance {unknown}
 C - 2 potions of might
 D - a potion of lignification {unknown}


   Skills:
 + Level 6.2 Fighting
 + Level 2.7 Dodging
 - Level 7.0 Stealth
 + Level 5.8 Unarmed Combat
 + Level 6.1 Spellcasting
 - Level 6.0 Conjurations
 * Level 9.7 Air Magic


You had 11 spell levels left.
You knew the following spells:

 Your Spells              Type           Power      Damage    Failure   Level
a - Shock                 Conj/Air       100%       1d9       1%          1
b - Static Discharge      Conj/Air       62%        2-5/arc   1%          2
c - Swiftness             Air            38%        N/A       1%          3
d - Airstrike             Air            19%        2d(3-19)  2%          4

Your spell library contained the following spells:

 Spells                   Type           Power      Damage    Failure   Level
 Cigotuvi's Dreadful Rot  Necr/Pois/Air  32%        N/A       4%          2
 Stone Arrow              Conj/Erth      30%        3d8       11%         3
 Sandblast                Erth           10%        2d5       13%         1
 Summon Small Mammal      Summ           20%        N/A       13%         1
 Passwall                 Tmut/Erth      4%         N/A       19%         2
 Call Canine Familiar     Summ           5%         N/A       36%         3
 Ignite Poison            Fire/Tmut/Pois 5%         N/A       36%         3
 Ozocubu's Armour         Ice            5%         N/A       36%         3
 Summon Guardian Golem    Hex/Summ       5%         N/A       36%         3
 Freezing Cloud           Conj/Ice/Air   11%        6-21      38%         5
 Metabolic Englaciation   Hex/Ice        2%         N/A       98%         5
 Simulacrum               Ice/Necr       2%         N/A       100%        6
 Lehudib's Crystal Spear  Conj/Erth      7%         10d3      100%        8
 Animate Armour           Summ/Erth      Unusable   N/A       N/A         4

Dungeon Overview and Level Annotations

Branches:
Dungeon (10/15)            Temple (1/1) D:4            Lair (0/5) D:8
  Sewer (visited)
    Orc: D:9-12

Altars:
Cheibriados
Fedhas
Gozag
Kikubaaqudgha
Okawaru
Uskayaw
Wu Jian
Zin
The Shining One

Annotations:
D:8 3 runed translucent doors


Innate Abilities, Weirdness & Mutations

You cannot wear most types of armour.
You are amphibious.
You can wear up to eight rings at the same time.
Your skin changes colour to match your surroundings (Stealth+).
Your rubbery body absorbs attacks. (AC +1, EV +1)
((You are camouflaged when in or above water. (Stealth+)))
You have tentacles for arms and can constrict up to eight enemies at once.


Message History

The vampire mosquito draws strength from your injuries!
The swamp drake bites you. The vampire mosquito bites you.
The vampire mosquito draws strength from your injuries!
You are too confused!
Unknown command.
You are too confused!
The swamp drake breathes poison at you.
The noxious blast engulfs you but does no damage.
You are poisoned.
The vampire mosquito bites you!
The vampire mosquito draws strength from your injuries!
Unknown command.
The swamp drake attacks as you move away!
The swamp drake closely misses you.
You are engulfed in noxious fumes.
You feel sick. The vampire mosquito bites you!
The vampire mosquito draws strength from your injuries!
You are engulfed in noxious fumes.
You feel sick. The vampire mosquito misses you. The swamp drake bites you.
The vampire mosquito bites you!
* * * LOW HITPOINT WARNING * * *
The vampire mosquito draws strength from your injuries!
You feel sick.
You are no longer poisoned.
The vampire mosquito closely misses you.
Unknown command.
You are too confused!
You're too confused to move!
You feel less confused. The vampire mosquito bites you.
* * * LOW HITPOINT WARNING * * *
The vampire mosquito draws strength from your injuries!
The swamp drake misses you. The vampire mosquito bites you.
* * * LOW HITPOINT WARNING * * *
The vampire mosquito draws strength from your injuries!
As you read the scroll of teleportation, it crumbles to dust.
You feel strangely unstable. The vampire mosquito misses you.
The orc wizard misses you. The swamp drake bites you.
* * * LOW HITPOINT WARNING * * *
The vampire mosquito bites you!
You die...

#.......#
#.......#
#.......#
######......<##
#.............#
#.............#
#.......>....##
###..........#
#.......@..#
#......oyk.#
#..........#
####....oo.#
#~~~~~....<#
#~###~.....# #.
_'......# ..
###~.....) ..
~~~......


You could see a swamp drake, a vampire mosquito, 2 orc wizards and an orc.

Vanquished Creatures
  A two-headed ogre (D:9)
  A troll (D:10)
  4 yaks (D:8)
  Edmund (D:5)
  2 acid dragons
  A sky beast (D:6)
  An orc warrior (D:9)
  2 black bears
  2 ice beasts (D:8)
  An ogre (D:6)
  A centaur (D:9)
  5 kobold brigands
  2 bullfrogs
  A gnoll sergeant (D:9)
  10 scorpions
  4 necrophages (D:5)
  6 wights
  23 killer bees
  A howler monkey (D:5)
  A centaur zombie (D:5)
  A hound (D:5)
  A jelly (D:5)
  4 orc priests
  Crazy Yiuf (D:6)
  2 gnoll boudas (D:7)
  5 iguanas
  5 orc wizards
  Terence (D:3)
  A hound zombie (D:5)
  2 howler monkey zombies (D:5)
  16 gnolls
  15 adders
  A shadow imp (D:6)
  A white imp (D:4)
  An ufetubus (D:4)
  A worm (D:5)
  2 dart slugs
  29 orcs
  7 ball pythons
  3 endoplasms
  5 giant cockroaches
  10 goblins
  7 hobgoblins
  10 jackals
  26 kobolds
  2 quokkas
  14 bats
  6 frilled lizards
  6 rats
255 creatures vanquished.

Notes
Turn   | Place    | Note
-------+----------+-------------------------------------------
     0 | D:1      | LustLizard the Octopode Air Elementalist began the quest
                  | for the Orb.
     0 | D:1      | Reached XP level 1. HP: 11/11 MP: 3/3
   148 | D:1      | Reached XP level 2. HP: 18/18 MP: 0/5
   404 | D:1      | Reached XP level 3. HP: 21/22 MP: 1/6
   551 | D:1      | Learned a level 2 spell: Static Discharge
   555 | D:1      | Learned a level 3 spell: Swiftness
  1039 | D:2      | Reached skill level 1 in Fighting
  1176 | D:2      | Reached XP level 4. HP: 10/28 MP: 0/7
  1977 | D:3      | Noticed Terence
  1989 | D:3      | Killed Terence
  2248 | D:3      | Reached skill level 4 in Air Magic
  2248 | D:3      | Reached XP level 5. HP: 33/33 MP: 3/8
  2440 | D:3      | Found a faded altar of an unknown god.
  3170 | D:4      | HP: 1/34 [white imp/puff of frost (9)]
  3552 | D:4      | Reached XP level 6. HP: 21/39 MP: 3/10
  3641 | D:4      | Found a staircase to the Ecumenical Temple.
  3651 | Temple   | Entered the Ecumenical Temple
  3731 | Temple   | Became a worshipper of the Wu Jian Council
  3983 | D:4      | Learned a level 4 spell: Airstrike
  4221 | D:5      | Entered Level 5 of the Dungeon
  4505 | D:5      | Reached * piety under Wu Jian
  4506 | D:5      | Found a glowing drain.
  4580 | Sewer    | Entered a sewer
  5005 | Sewer    | Reached skill level 1 in Unarmed Combat
  5005 | Sewer    | Reached skill level 5 in Air Magic
  5005 | Sewer    | Reached XP level 7. HP: 18/45 MP: 2/11
  5358 | Sewer    | Reached skill level 5 in Stealth
  5968 | D:5      | Reached XP level 8. HP: 36/52 MP: 8/13
  6169 | D:5      | Reached skill level 6 in Air Magic
  6515 | D:5      | Found the +11 Singing Sword {sonic wave}
  6708 | D:5      | Noticed Edmund
  7193 | D:5      | Found a blossoming altar of Fedhas.
  7269 | D:5      | Killed Edmund
  7568 | D:5      | Reached ** piety under Wu Jian
  7731 | D:5      | Reached XP level 9. HP: 52/58 MP: 6/15
  7830 | D:5      | Reached skill level 7 in Air Magic
  8692 | D:6      | Found a runed translucent door.
  8693 | D:6      | Noticed Crazy Yiuf
  8932 | D:6      | Found an iron altar of Okawaru.
  9162 | D:6      | Killed Crazy Yiuf
 10098 | D:7      | Found an opulent altar of Gozag.
 10486 | D:8      | Reached skill level 5 in Spellcasting
 10486 | D:8      | Reached skill level 5 in Conjurations
 10591 | D:8      | Reached *** piety under Wu Jian
 10597 | D:8      | Reached skill level 5 in Fighting
 10597 | D:8      | Reached skill level 8 in Air Magic
 10980 | D:8      | Reached XP level 10. HP: 51/66 MP: 10/17
 11574 | D:8      | Reached skill level 5 in Unarmed Combat
 11828 | D:8      | Found a runed translucent gate.
 11828 | D:8      | Found a runed translucent gate.
 11829 | D:8      | Found a runed translucent gate.
 11829 | D:8      | Noticed a purple ugly thing
 11832 | D:8      | Noticed a red ugly thing
 11895 | D:8      | Found a staircase to the Lair.
 12210 | D:8      | Noticed a purple ugly thing
 12210 | D:8      | Noticed a purple ugly thing
 12510 | D:9      | Reached skill level 9 in Air Magic
 13014 | D:9      | Found a glowing silver altar of Zin.
 13079 | D:9      | Noticed a two-headed ogre
 13082 | D:9      | Killed a two-headed ogre
 13699 | D:10     | Entered Level 10 of the Dungeon
 14098 | D:10     | Found a hide-covered altar of Uskayaw.
 14120 | D:10     | Mangled by a vampire mosquito

Illustrated notes

Levels and vault maps discovered:
D:1:      zelgadis_glass_arrival_small, layout_rooms,
          kennysheep_decorative_pillar
D:2:      layout_loops_corners
D:3:      layout_loops_cross, hellmonk_ecumenical_altar_run_dry, uniq_terence
D:4:      layout_basic, minmay_temple_entry_trees
D:5:      old_forge, layout_loops_ring, fedhas_altar_decomposition,
          cheibrodos_sewer_entry_drain, kennysheep_generic_room_5, uniq_edmund
D:6:      layout_loops_ring, kennysheep_okawaru_gauntlet,
          uniq_crazy_yiuf_cottage
D:7:      layout_loops_cross, amcnicky_altar_gilded
D:8:      layout_loops_ring, dpeg_oklobed_lair,
          ploomutoo_gammafunk_ghost_potion_laboratory
D:9:      layout_roguey, lemuel_tele_altar
D:10:     layout_cross, xom_butterflies, kennysheep_mini_moat, minitemple,
          minmay_misc_feat_x, serial_bayou_pond_b, pond
Temple:   minmay_temple_forest_path

Skill      XL: |  1  2  3  4  5  6  7  8  9 10 |
---------------+-------------------------------+-----
Stealth        | 3 4 5 6 7 |  7.0
Fighting       | 1 2 3 4 5 6 |  6.2
Conjurations   | 2 3 4 5 6 |  6.0
Air Magic      | 4 5 6 8 9 |  9.7
Spellcasting   | 3 4 5 6 |  6.1
Unarmed Combat | 1 2 3 4 5 |  5.8
Dodging        | |  2.7

Action                     |  1- 3 |  4- 6 |  7- 9 | 10-12 || total
---------------------------+-------+-------+-------+-------++-------
  Melee: Unarmed           |    36 |    29 |    55 |    21 ||   141
         Tentacles         |     8 |     7 |    12 |     3 ||    30
         Constrict         |     8 |    10 |    11 |     2 ||    31
         Punch             |     1 |     1 |     2 |       ||     4
   Cast: Shock             |    56 |   162 |   256 |    55 ||   529
         Static Discharge  |       |    13 |    29 |     7 ||    49
         Airstrike         |       |       |    26 |    44 ||    70
         Swiftness         |       |       |       |     1 ||     1
Ability: Whirlwind         |       |       |     2 |       ||     2
         Lunge             |       |       |     2 |     2 ||     4
    Use: Scroll            |       |     5 |     4 |     4 ||    13
         Potion            |       |     2 |       |     1 ||     3
 Armour: Skin              |     4 |       |     5 |     3 ||    12
  Dodge: Dodged            |    22 |    28 |    38 |    55 ||   143
  Block: Other             |       |     7 |    16 |    10 ||    33
